 Dungeon Crawl Stone Soup version 0.22-a0-136-g83a10e5 (webtiles) character file.

64 varam the Chopper (level 4, -1/39 HPs)
             Began as a Hill Orc Fighter on Feb 4, 2018.
             Was an Initiate of Okawaru.
             Slain by an ice beast (6 damage)
             ... on level 3 of the Dungeon.
             The game lasted 00:02:24 (1618 turns).

varam the Chopper (Hill Orc Fighter)                Turns: 1618, Time: 00:02:25

Health: -1/39      AC:  6    Str: 23    XL:     4   Next: 12%
Magic:  4/4        EV:  7    Int:  9    God:    Okawaru [......]
Gold:   58         SH:  9    Dex: 10    Spells: 3/3 levels left

rFire    . . .     SeeInvis .   a - +0 war axe
rCold    . . .     Gourm    .   c - +0 shield
rNeg     . . .     Faith    .   b - +0 scale mail
rPois    .         Spirit   .   (no helmet)
rElec    .         Reflect  .   (no cloak)
rCorr    .         Harm     .   (no gloves)
MR       .....                  (no boots)
Stlth    ..........             (no amulet)
HPRegen  0.13/turn              l - +2 ring of slaying
MPRegen  0.09/turn              (no ring)

@: mighty
A: no striking features
a: Renounce Religion


You were on level 3 of the Dungeon.
You worshipped Okawaru.
Okawaru was noncommittal.
You were not hungry.

You visited 1 branch of the dungeon, and saw 3 of its levels.

You collected 58 gold pieces.

Inventory:

Hand Weapons
 a - a +0 war axe (weapon)
Missiles
 g - 2 javelins (quivered)
Armour
 b - a +0 scale mail (worn)
 c - a +0 shield (worn)
Jewellery
 h - an uncursed ring of magical power {unknown}
 l - a +2 ring of slaying (left hand)
Scrolls
 k - a scroll of identify
 m - a scroll of immolation {unknown}
 n - a scroll of enchant armour {unknown}
Potions
 e - a potion of curing {unknown}
 j - a potion of lignification {unknown}
Comestibles
 f - 4 rations


   Skills:
 - Level 3.6 Fighting
 * Level 5.0 Axes
 - Level 3.2 Armour
 + Level 4.0 Shields


You had 3 spell levels left.
You didn't know any spells.

Dungeon Overview and Level Annotations

Branches:
Dungeon (3/15)

Altars:
Fedhas
Gozag
Okawaru
Yredelemnul


Message History

The ice beast hits you but does no damage.
Found a ration.
You closely miss the ice beast.
The ice beast hits you but does no damage.
You slash the ice beast!
The ice beast is moderately wounded.
The ice beast hits you. The ice beast freezes you!
* * * LOW HITPOINT WARNING * * *
You block the ice beast's attack.
You closely miss the ice beast.
The ice beast is moderately wounded.
You block the ice beast's attack.
You feel very mighty all of a sudden. You block the ice beast's attack.
You slash the ice beast!
The ice beast is almost dead.
The ice beast hits you.
* * * LOW HITPOINT WARNING * * *
The ice beast freezes you.
You die...

....#. ########.......
##...........#.#
#..#########..#
#.##...©.b.##.####
..#8..#.#..8#.....
##.#$%#..)#..#.#.#.
##.###..#o[.......#...#.
....%..@#b$....©.[#©..+.
##.###Y.#Z(.......#...#.
##.#$?#...#..#.#.#.
#.#8..#.#..8#.....
#.##.......##.#.##
#..#########..#$#
##...........##.#
#######....##.# #....
...


You could see an orc warrior, an ice beast, a giant cockroach zombie and a bat.

Vanquished Creatures
  An adder (D:2)
  An ooze (D:1)
  A dart slug (D:1)
  3 leopard geckos
  6 bats
  2 giant cockroaches
  6 goblins
  5 hobgoblins
  7 jackals
  5 kobolds
  5 rats
42 creatures vanquished.

Notes
Turn   | Place    | Note
-------+----------+-------------------------------------------
     0 | D:1      | varam the Hill Orc Fighter began the quest for the Orb.
     0 | D:1      | Reached XP level 1. HP: 19/19 MP: 1/1
   107 | D:1      | Reached skill level 3 in Axes
   119 | D:1      | Reached XP level 2. HP: 12/26 MP: 2/2
   754 | D:1      | Reached skill level 4 in Axes
   754 | D:1      | Reached XP level 3. HP: 26/31 MP: 3/3
  1035 | D:2      | Found an iron altar of Okawaru.
  1055 | D:2      | Became a worshipper of Warmaster Okawaru
  1165 | D:2      | Reached skill level 4 in Shields
  1306 | D:2      | Reached XP level 4. HP: 39/39 MP: 4/4
  1309 | D:2      | Found an opulent altar of Gozag.
  1591 | D:3      | Reached skill level 5 in Axes
  1604 | D:3      | Found a transporter.
  1606 | D:3      | Found a transporter.
  1606 | D:3      | Noticed an ice beast
  1608 | D:3      | Noticed an orc warrior
  1608 | D:3      | Found a basalt altar of Yredelemnul.
  1608 | D:3      | Found an opulent altar of Gozag.
  1608 | D:3      | Found a blossoming altar of Fedhas.
  1618 | D:3      | Slain by an ice beast

Vault maps used:
D:1:      minmay_arrival_widening_spiral_wide
D:2:      overflow_temple_1_default, grunt_gozag_statues
D:3:      gammafunk_temple_overflow_arena, first_ration, uniq_grinder

Skill      XL: |  1  2  3  4 |
---------------+-------------+-----
Axes           | 3 4 5 |  5.0
Shields        | 4 |  4.0
Fighting       | |  3.6
Armour         | |  3.2

Action                   |  1- 3 |  4- 6 || total
-------------------------+-------+-------++-------
Melee: War axe           |   115 |    10 ||   125
       Whip              |     3 |       ||     3
  Use: Scroll            |     4 |       ||     4
       Potion            |       |     1 ||     1
  Eat: Chunk             |     1 |     1 ||     2
Armor: Scale mail        |    56 |     4 ||    60
Dodge: Dodged            |    51 |     3 ||    54
Block: Shield            |    70 |     9 ||    79

Table legend:
 A = Spawn XP
 B = Non-spawn XP
 C = Spawn XP percentage of total XP
 D = Spawn monster count
 E = Non-spawn monster count
 F = Spawn count percentage of total count
 G = Total turns spent on level
                    A         B        C        D         E        F      G
               +---------+---------+-------+---------+---------+-------+---------
         Total |       0 |      92 |   0.0 |       0 |      42 |   0.0 |  1618
               +---------+---------+-------+---------+---------+-------+---------
           D:1 |       0 |      45 |   0.0 |       0 |      23 |   0.0 |   926
           D:2 |       0 |      43 |   0.0 |       0 |      17 |   0.0 |   660
           D:3 |       0 |       4 |   0.0 |       0 |       2 |   0.0 |    32
               +---------+---------+-------+---------+---------+-------+---------
